 Dungeon Crawl Stone Soup version 0.29-a0-284-gf9362112df (webtiles) character file.

Game seed: 11388008320092795398

30 Hubjo the Sneak (level 3, 0/23 HPs)
             Began as a Demonspawn Enchanter on Mar 16, 2022.
             Was a Plaything of Xom.
             Slain by an ufetubus (4 damage)
             ... summoned by Xom
             ... on level 1 of the Dungeon.
             The game lasted 00:02:22 (1980 turns).

Hubjo the Sneak (Demonspawn Enchanter)              Turns: 1980, Time: 00:02:26

Health: 0/23       AC:  3    Str:  8      XL:     3   Next: 5%
Magic:  6/6        EV: 12    Int: 22      God:    Xom [.*....]
Gold:   68         SH:  0    Dex: 14 (15) Spells: 6/6 levels left

rFire   . . .      SeeInvis .   a - +1 dagger
rCold   . . .      Faith    .   (no shield)
rNeg    . . .      Spirit   .   b - +0 robe
rPois   .          Reflect  .   (helmet restricted)
rElec   .          Harm     .   (no cloak)
rCorr   .          Rampage  .   (no gloves)
Will    .....                   (no boots)
Stlth   ++........              (no amulet)
HPRegen 0.07/turn               i - +6 ring of intelligence
MPRegen 0.10/turn               (no ring)

@: no status effects
A: icy blue scales 1, demonic touch 1, horns 1, deformed body, frail 1
a: Renounce Religion


You were on level 1 of the Dungeon.
You worshipped Xom.
You were a plaything of Xom.
You visited 1 branch of the dungeon, and saw 1 of its levels.

You collected 68 gold pieces.

Inventory:

Hand Weapons
 a - a +1 dagger (weapon)
 f - a +0 dagger of speed
Armour
 b - a +0 robe (worn)
 j - a +0 helmet of intelligence
Jewellery
 i - a +6 ring of intelligence (left hand)
Scrolls
 d - a scroll of magic mapping
Potions
 c - 2 potions of invisibility
 e - a potion of brilliance
 h - a potion of heal wounds {unknown}


   Skills:
 * Level 1.3 Fighting
 - Level 0.8 Short Blades
 - Level 1.7 Dodging
 * Level 3.2 Stealth
 + Level 2.3 Spellcasting
 + Level 3.1 Hexes


You had 6 spell levels left.
You didn't know any spells.
Your spell library contained the following spells:

 Spells                   Type           Power      Damage    Failure   Level
 Ensorcelled Hibernation  Hex/Ice        18%        N/A       11%         2
 Confusing Touch          Hex            16%        N/A       11%         3
 Tukima's Dance           Hex            16%        N/A       11%         3
 Dazzling Flash           Conj/Hex       18%        N/A       21%         3


Dungeon Overview and Level Annotations

Branches:
Dungeon (1/15)

Altars:
Xom

Shops:
D:1 (


Innate Abilities, Weirdness & Mutations

You are partially covered in icy blue scales. (AC +2)
Your touch may inflict minor irresistible damage on your foes.
You have a pair of small horns on your head.
Armour fits poorly on your strangely shaped body.
You are frail. (-10% HP)


Message History

The ufetubus closely misses you. The ufetubus barely misses you.
The frilled lizard barely misses you. The ufetubus closely misses you.
The ufetubus hits you.
You hit the frilled lizard.
You kill the frilled lizard!
The ufetubus barely misses you.
The ufetubus hits you but does no damage.
You miss the quasit. Your headbutt misses the quasit. The ufetubus misses you.
The ufetubus hits you. The quasit bites you.
You feel clumsy.
The quasit claws you but does no damage.
The quasit misses you. The ufetubus misses you.
The ufetubus closely misses you.
You miss the quasit. You headbutt the quasit.
The quasit is moderately wounded.
The quasit barely misses you.
The quasit claws you but does no damage.
The quasit claws you. The ufetubus hits you.
* * * LOW HITPOINT WARNING * * *
The ufetubus closely misses you.
The quasit bites you but does no damage.
The quasit closely misses you. The quasit misses you.
You don't know any spells.
You don't know any spells.
You don't know any spells.
As you read the scroll labelled XOUTIPL XOEFUMN, it crumbles to dust.
You feel aware of your surroundings.
It was a scroll of magic mapping.
The ufetubus misses you.
The ufetubus hits you but does no damage.
The quasit bites you but does no damage.
The quasit completely misses you. The quasit claws you.
* * * LOW HITPOINT WARNING * * *
The ufetubus misses you. The ufetubus completely misses you.
It was a potion of cancellation.
You feel magically purged.
Xom roars with laughter!
The quasit bites you but does no damage.
The quasit claws you but does no damage. x2
The ufetubus hits you.
You die... "I guess I need a new plaything now."

,,,,,* ###.....###.######.
,,,,,*******###.........#.##.....
,,,,>,,,,,,........∩.............
#############.##.÷.....##.##.####
#..........##,#.#.)...###.##.....
#.####...#.#*,#.##...####+##.####
#.# #..)#.#*,#........#.....# #
#.# #...#.##.######...#.....# #
#.# #...#.##..5@5.....+.....# #
#.# #...#.########.#..#.....# #
#.####...#...................# #
#'#.........#######.##.......# #
..........#.# #.###......# #
.......†....#######.###+#+#######
............#.......##..........#
............#.########..........#
.......(....#.# #..........#


You could see a quasit (summoned) and an ufetubus (summoned).

Vanquished Creatures
  2 dart slugs (D:1)
  3 ball pythons (D:1)
  An endoplasm (D:1)
  2 goblins (D:1)
  2 hobgoblins (D:1)
  4 jackals (D:1)
  2 quokkas (D:1)
  2 bats (D:1)
  4 frilled lizards (D:1)
  3 rats (D:1)
25 creatures vanquished.

Notes
Turn   | Place    | Note
-------+----------+-------------------------------------------
     0 | D:1      | Hubjo the Demonspawn Enchanter began the quest for the Orb.
     0 | D:1      | Reached XP level 1. HP: 13/13 MP: 3/3
    71 | D:1      | Found a faded altar of an unknown god.
    72 | D:1      | Noticed a floating eye
    79 | D:1      | Noticed an eye of devastation
    83 | D:1      | Noticed a golden eye
    83 | D:1      | Noticed a great orb of eyes
   110 | D:1      | Prayed at the altar of an unknown god.
   110 | D:1      | Became a worshipper of Xom of Chaos
   133 | D:1      | XOM: divination: detect creatures
   194 | D:1      | XOM: silly message
   216 | D:1      | XOM: smoke on damage
   412 | D:1      | Gained mutation: Your touch may inflict minor irresistible
                  | damage on your foes. [demonic ancestry]
   412 | D:1      | Reached XP level 2. HP: 11/20 MP: 5/5
   813 | D:1      | Reached skill level 1 in Fighting
   940 | D:1      | Found Hema Moobi's Weapon Emporium.
  1521 | D:1      | XOM: god gift: 11 gold pieces
  1549 | D:1      | XOM: god gift: +6 ring of intelligence
  1646 | D:1      | XOM: give mutations
  1646 | D:1      | Gained mutation: You are frail. (-10% HP) [Xom's mischief]
  1646 | D:1      | Gained mutation: Armour fits poorly on your strangely
                  | shaped body. [Xom's mischief]
  1646 | D:1      | Gained mutation: You have a pair of small horns on your
                  | head. [Xom's mischief]
  1761 | D:1      | Gained mutation: You are partially covered in icy blue
                  | scales. (AC +2) [demonic ancestry]
  1761 | D:1      | Reached XP level 3. HP: 10/23 MP: 6/6
  1970 | D:1      | XOM: summons 2 hostile demons
  1980 | D:1      | Slain by an ufetubus

Illustrated notes

Levels and vault maps discovered:
D:1:      minmay_arrival_solitary_statue, layout_basic,
          hellmonk_ecumenical_altar_watching_god, serial_shops,
          nicolae_shop_bloodbath_and_beyond, chequers_serial_rivers_micro_c,
          due_unseen_surprise

Skill      XL: |  1  2 |
---------------+-------+-----
Fighting       | 1 |  1.3
Stealth        | 3 |  3.2
Short Blades   | |  0.8
Dodging        | |  1.7
Spellcasting   | |  2.3
Hexes          | |  3.1

Action                   || total
-------------------------++-------
Melee: Dagger            ||    93
       Touch             ||    11
       Punch             ||     1
       Headbutt          ||     1
  Use: Potion            ||     2
       Scroll            ||     1
Armor: Robe              ||    27
Dodge: Dodged            ||    81

Table legend: (Time is in decaauts)
 A = Elapsed time spent in this place.
 B = Non-inter-level travel time spent in this place.
 C = Inter-level travel time spent in this place.
 D = Time resting spent in this place.
 E = Time spent auto-exploring this place.
 F = Levels seen in this place.
 G = Mean time per level.
                   A        B        C        D        E       F      G
               +--------+--------+--------+--------+--------+-----+--------+
         Total |   1976 |   1976 |      0 |      0 |   1710 |   1 | 1976.0 |
       Dungeon |   1976 |   1976 |      0 |      0 |   1710 |   1 | 1976.0 |
               +--------+--------+--------+--------+--------+-----+--------+

Top non-repeatable levels by time:
     D:1: 1976 daAuts
